Map: King's Cove LE

Players

Lambo - Winner!

  • Race: Zerg Zerg
  • League: Master
  • Spawn Location: 5:00

llllllllllll

  • Race: Terran Terran
  • League: Master
  • Spawn Location: 11:00

VOD

Have the link to the VOD?

Description

Time

  • Played on: Jan. 24, 2019, 8:59 a.m.
  • Length: 3:18
Show
View Real Time Build Order
Export as new Build Order

Lambo Zerg - Winner!

Build Orders: Hatch First 

Get SALT Encoding   

  12  0:00  Drone  
  13  0:12  Overlord  
  13  0:17  Drone  
  14  0:30  Drone  
  14  0:31  Drone  
  16  0:49  Hatchery  
  15  0:52  Drone  
  15  0:56  Drone  
  17  1:02  Drone, Extractor  
  17  1:26  Drone x2  
  19  1:34  Drone  
  19  1:36  Spawning Pool  
  19  1:43  Drone  
  19  2:25  Zergling x10  
  19  2:26  Zergling x2  
  22  2:42  Drone  
  23  2:50  Drone  
  24  2:58  Drone  
  24  3:02  Drone  
Show
View Real Time Build Order
Export as new Build Order

llllllllllll Terran 

Build Orders:  

Get SALT Encoding   

  12  0:02  SCV  
  13  0:14  SCV  
  13  0:21  Supply Depot  
  14  0:26  SCV  
  15  0:43  Barracks  
  15  0:53  Barracks  
  15  1:07  Barracks  
  15  1:20  SCV  
  15  1:34  SCV  
  16  1:40  Marine  
  16  1:55  Marine  
  16  1:57  Bunker, Marine  
  16  1:58  Marine  
  19  2:13  Marine  
  19  2:15  Marine  
  21  2:16  Marine  
  19  2:31  Marine  
  19  2:32  Marine  
  19  2:34  Marine  
  19  2:41  Orbital Command  
  19  2:49  Marine  
  19  2:50  Marine  
  21  2:51  Marine  
Tags
 
Add a new tag
Caveats
  • Supply blocks, unpowered buildings, or Contaminate may cause inaccurate times.
  • Supply counts are checked every 10 seconds.